 Dungeon Crawl Stone Soup version 0.31-a0-692-gf03d1854d5 (webtiles) character file.

Game seed: 13228149929260448903

609 qw the Shooter (level 7, 0/43 HPs)
             Began as a Gargoyle Hunter on Sept 6, 2023.
             Killed by divine providence
             ... invoked by an orc priest
              (12 damage)
             ... on level 5 of the Dungeon.
             The game lasted 00:01:15 (2988 turns).

qw the Shooter (Gargoyle Hunter)                    Turns: 2988, Time: 00:01:15

Health: 0/43       AC: 14    Str: 21    XL:     7   Next: 43%
Magic:  7/7        EV: 12    Int:  9    God:
Gold:   168        SH:  4    Dex: 18    Spells: 6/6 levels left

rFire   . . .        Y - +3 shortbow
rCold   + . .        (shield currently unavailable)
rNeg    + . .        f - +0 ring mail
rPois   inf          c - +0 helmet
rElec   +            g - +0 cloak {rCorr}
rCorr   +            a - +0 pair of gloves "Liuzano" {Rampage rC+ Dex+3}
SInv    .            (no boots)
Will    .....        (no amulet)
Stlth   ++           d - +6 ring of strength
HPRegen 0.27/turn    (no ring)
MPRegen 0.10/turn

%: rampage
@: no status effects
A: sickness immunity, AC +4, negative energy resistance 1, electricity
resistance, torment resistance 1, petrification resistance, talons 1, large bone
plates 1, sturdy frame 1
a: no special abilities


You were on level 5 of the Dungeon.
You visited 1 branch of the dungeon, and saw 5 of its levels.

You collected 168 gold pieces.


Innate Abilities, Weirdness & Mutations

You are immune to sickness and miasma.
Your stone body is resilient. (AC +4)
You are immune to poison.
You resist negative energy. (rN+)
You are resistant to electric shocks. (rElec)
You are resistant to unholy torment.
You are immune to petrification.
You have sharp toenails.
You are partially covered in large bone plates. (SH +4)
Your movements are slightly less encumbered by armour. (ER -2)


   Skills:
 - Level 4.0 Fighting
 - Level 7.4 Ranged Weapons
 - Level 3.3 Armour
 + Level 1.9 Dodging
 - Level 1.1 Stealth


You had 6 spell levels left.
You didn't know any spells.
Your spell library was empty.

Inventory:

Hand Weapons
 Y - a +3 shortbow (weapon)
Armour
 a - the +0 pair of gloves "Liuzano" (worn) {Rampage rC+ Dex+3}
   (You acquired it on level 1 of the Dungeon)

   Dex+3:     It affects your dexterity (+3).
   rC+:       It protects you from cold.
   Rampage:   It bestows one free step when moving towards enemies.
 c - a +0 helmet (worn)
 f - a +0 ring mail (worn)
 g - a +0 cloak of preservation (worn)
Jewellery
 d - a +6 ring of strength (left hand)
Potions
 b - a potion of invisibility {unknown}
 e - a potion of degeneration {unknown}
 h - 2 potions of curing
 i - a potion of attraction {unknown}
 k - a potion of enlightenment {unknown}
 l - a potion of cancellation
 n - a potion of mutation

Dungeon Overview and Level Annotations

Branches:
Dungeon (5/15)
 Temple: D:4-7

Altars:
Dithmenos
Gozag

Annotations:
D:4 3 runed translucent doors, qw's ghost, amateur GrHu


Message History

You shoot an arrow. The arrow closely misses the hound.
The hound bites you but does no damage.
You shoot an arrow. The arrow barely misses the hound.
The hound barely misses you.
An orc priest comes into view. It is wielding a +0 whip.
You shoot an arrow. The arrow closely misses the hound.
The orc priest shouts!
You block the hound's attack. x2
You shoot an arrow. The arrow hits the hound.
The hound is almost dead.
The hound barely misses you.
An orc comes into view. It is wielding a +0 flail.
The hound bites you.
You shoot an arrow. The arrow hits the hound!
You kill the hound!
The orc priest casts a cantrip, but nothing happens.
An orc priest comes into view. It is wielding a +0 flail.
You shoot an arrow. The arrow hits the orc.
The orc is heavily wounded.
The orc priest mumbles some strange prayers to Beogh against you.
Beogh smites you! The orc misses you.
You shoot an arrow. The arrow hits the orc!
You kill the orc!
You shoot an arrow.
The arrow closely misses the orc priest.
A jelly comes into view.
Something hits you but does no damage.
2986 |||
Found retreat position at -3,-1 (open_door) with 0 blocking monsters and 1 monsters attacking at destination at distance 3 x2
2986 ||| RETREATING.
Something hits you but does no damage.
2987 |||
Found retreat position at -2,0 (open_door) with 0 blocking monsters and 1 monsters attacking at destination at distance 2 A magic dart appears from out of thin air!
The magic dart hits you but does no damage.
The orc priest invokes the aid of Beogh against you.
Beogh smites you!
You shoot an arrow. The arrow hits the orc priest.
The orc priest is moderately wounded.
The orc priest mumbles some strange prayers to Beogh against you.
Beogh smites you!
You die...

#####.#.##........#
#####.#.##........#
.........'........#
#####.#.##........#
#.#.###'#######
#.#.##.....#
#.#.##.....#
#.#.##.....####
#.#.##.....'@.##
#.#.##.....##.{#
#.#
#..../###.)......
#.....# ###.o....
#.....# .o...#
####### ###J# .


You could see 2 orc priests.

Vanquished Creatures
  A water moccasin (D:4)
  An ice beast (D:5)
  An ogre (D:4)
  2 hounds
  A jelly (D:4)
  A sleepcap (D:2)
  Ijyb (D:4)
  Robin (D:4)
  7 adders
  4 gnolls (D:4)
  A worm (D:2)
  2 dart slugs
  2 orcs
  7 endoplasms
  A giant cockroach (D:3)
  14 goblins
  11 hobgoblins
  3 kobolds
  A quokka (D:2)
  7 ball pythons
  4 bats
  3 frilled lizards
  3 rats
79 creatures vanquished.

Notes
Turn   | Place    | Note
-------+----------+-------------------------------------------
     0 | D:1      | qw the Gargoyle Hunter began the quest for the Orb.
     0 | D:1      | Reached XP level 1. HP: 12/12 MP: 1/1
     0 | D:1      | 0 ||| qw: Version: 0.3-a-76-g4403597
     0 | D:1      | 0 ||| qw: Game counter: 269
     0 | D:1      | 0 ||| qw: Melee chars always use a shield: true
     0 | D:1      | 0 ||| qw: God list: Okawaru
     0 | D:1      | 0 ||| qw: Allow faded altars: false
     0 | D:1      | 0 ||| qw: Do Orc after clearing Dungeon:15 true
     0 | D:1      | 0 ||| qw: Do second Lair branch before Depths: true
     0 | D:1      | 0 ||| qw: Lair rune preference: random
     0 | D:1      | 0 ||| qw: Goals: Normal
     0 | D:1      | 0 ||| PLANNING D:1-11
   486 | D:1      | Reached XP level 2. HP: 17/17 MP: 2/2
   684 | D:1      | 684 ||| UPGRADING to +6 ring of strength.
   685 | D:1      | 685 ||| READING scroll labelled TOLINO EBRUIT.
   686 | D:1      | 686 ||| READING scroll labelled MOSE JA CUEGE.
   691 | D:1      | 691 ||| READING scroll labelled QUATUO IXEUTO.
   691 | D:1      | Identified a scroll of acquirement
   691 | D:1      | 691 ||| ACQUIRING +0 pair of gloves "Liuzano" {Rampage rC+
                  | Dex+3}
   691 | D:1      | Acquired the +0 pair of gloves "Liuzano" {Rampage rC+
                  | Dex+3}
   693 | D:1      | 693 ||| UPGRADING to +0 pair of gloves "Liuzano" {Rampage
                  | rC+ Dex+3}.
   698 | D:1      | 698 ||| READING scroll labelled LAOXKO NAHY.
   699 | D:1      | 699 ||| DROPPING scroll of butterflies.
   750 | D:2      | 750 ||| Stepping ~*~*~tactically~*~*~ (retreating).
   751 | D:2      | 751 ||| Stepping ~*~*~tactically~*~*~ (retreating).
   755 | D:2      | HP: 1/17 [sleepcap (6)]
   757 | D:2      | Reached skill level 5 in Ranged Weapons
   757 | D:2      | Reached XP level 3. HP: 2/21 MP: 3/3
   764 | D:2      | 764 ||| FLEEEEING.
   765 | D:2      | 765 ||| FLEEEEING.
   766 | D:2      | 766 ||| FLEEEEING.
   767 | D:2      | 767 ||| FLEEEEING.
   768 | D:2      | 768 ||| FLEEEEING.
   769 | D:2      | 769 ||| FLEEEEING.
   770 | D:2      | 770 ||| FLEEEEING.
   771 | D:2      | 771 ||| STAIRDANCE
   922 | D:2      | Reached skill level 3 in Fighting
   922 | D:2      | Reached XP level 4. HP: 28/28 MP: 4/4
  1051 | D:2      | 1051 ||| READING scroll of enchant weapon.
  1051 | D:2      | 1051 ||| ENCHANTING +1 shortbow.
  1252 | D:2      | Found a faded altar of an unknown god.
  1319 | D:2      | Found a shadowy altar of Dithmenos.
  1424 | D:2      | 1424 ||| DROPPING +1 pair of gloves.
  1425 | D:2      | 1425 ||| READING scroll labelled ONWIWI HYIRU.
  1426 | D:2      | 1426 ||| READING 4 scrolls labelled SEVEAK XODWI.
  1446 | D:2      | 1446 ||| READING scroll labelled ROCKAD TUIVO.
  1447 | D:2      | 1447 ||| DRINKING 2 fizzy inky potions.
  1447 | D:2      | Gained mutation: You have sharp toenails. [potion of
                  | mutation]
  1447 | D:2      | Gained mutation: You are partially covered in large bone
                  | plates. (SH +4) [potion of mutation]
  1447 | D:2      | Gained mutation: Your movements are slightly less
                  | encumbered by armour. (ER -2) [potion of mutation]
  1448 | D:2      | 1448 ||| DROPPING 3 scrolls of torment.
  1638 | D:3      | 1638 ||| READING scroll of enchant weapon.
  1638 | D:3      | 1638 ||| ENCHANTING +2 shortbow.
  1866 | D:3      | 1866 ||| FLEEEEING.
  1867 | D:3      | 1867 ||| FLEEEEING.
  1868 | D:3      | 1868 ||| FLEEEEING.
  1869 | D:3      | 1869 ||| FLEEEEING.
  1870 | D:3      | 1870 ||| FLEEEEING.
  1871 | D:3      | 1871 ||| FLEEEEING.
  2023 | D:3      | 2023 ||| UPGRADING to +0 ring mail.
  2033 | D:3      | 2033 ||| DROPPING +0 leather armour.
  2034 | D:3      | 2034 ||| UPGRADING to +0 cloak of preservation.
  2039 | D:3      | 2039 ||| DRINKING 2 ruby potions.
  2089 | D:4      | Noticed a water moccasin
  2098 | D:4      | Killed a water moccasin
  2099 | D:4      | Reached skill level 3 in Armour
  2099 | D:4      | Reached XP level 5. HP: 24/32 MP: 5/5
  2100 | D:4      | 2100 ||| FLEEEEING.
  2101 | D:4      | 2101 ||| FLEEEEING.
  2102 | D:4      | 2102 ||| FLEEEEING.
  2103 | D:4      | 2103 ||| FLEEEEING.
  2104 | D:4      | 2104 ||| FLEEEEING.
  2105 | D:4      | 2105 ||| FLEEEEING.
  2106 | D:4      | 2106 ||| FLEEEEING.
  2107 | D:4      | 2107 ||| FLEEEEING.
  2108 | D:4      | 2108 ||| FLEEEEING.
  2109 | D:4      | 2109 ||| STAIRDANCE
  2130 | D:3      | 2130 ||| READING scroll labelled KAWOZI GUTY.
  2133 | D:4      | 2133 ||| STAIRDANCE
  2165 | D:4      | Noticed Ijyb
  2167 | D:4      | 2167 ||| FLEEEEING.
  2171 | D:4      | Killed Ijyb
  2171 | D:4      | Noticed Robin
  2172 | D:4      | Reached XP level 6. HP: 22/37 MP: 6/6
  2174 | D:4      | Reached skill level 6 in Ranged Weapons
  2176 | D:4      | 2176 ||| FLEEEEING.
  2177 | D:4      | Killed Robin
  2179 | D:4      | 2179 ||| FLEEEEING.
  2180 | D:4      | 2180 ||| FLEEEEING.
  2181 | D:4      | 2181 ||| FLEEEEING.
  2182 | D:4      | 2182 ||| FLEEEEING.
  2183 | D:4      | 2183 ||| FLEEEEING.
  2184 | D:4      | 2184 ||| FLEEEEING.
  2185 | D:4      | 2185 ||| FLEEEEING.
  2186 | D:4      | 2186 ||| FLEEEEING.
  2188 | D:4      | 2188 ||| STAIRDANCE
  2661 | D:4      | Found a runed translucent gate.
  2661 | D:4      | Found a runed translucent gate.
  2661 | D:4      | Found a runed translucent gate.
  2662 | D:4      | Found an opulent altar of Gozag.
  2663 | D:4      | Noticed an orc warrior
  2664 | D:4      | Noticed qw's ghost (amateur GrHu)
  2702 | D:4      | Reached XP level 7. HP: 24/43 MP: 7/7
  2906 | D:4      | 2906 ||| UPGRADING to +0 helmet.
  2911 | D:4      | 2911 ||| DROPPING +1 hat.
  2912 | D:4      | 2912 ||| DRINKING 2 coppery potions.
  2913 | D:4      | 2913 ||| DRINKING 2 viscous emerald potions.
  2914 | D:4      | 2914 ||| DROPPING potion of brilliance.
  2925 | D:5      | Entered Level 5 of the Dungeon
  2951 | D:5      | Reached skill level 7 in Ranged Weapons
  2986 | D:5      | 2986 ||| RETREATING.
  2988 | D:5      | Killed from afar by an orc priest

Levels and vault maps discovered:
D:1:      minmay_arrival_open_corners, layout_basic, roderic_roman_lattice,
          minmay_misc_feat_rugged
D:2:      layout_basic, chequers_ecumenical_altar_simple, basic_altar,
          minmay_tromino_v4_c
D:3:      layout_loops_ring
D:4:      layout_loops_cross, ebering_ghost_gozag, uniq_robin, uniq_ijyb
D:5:      layout_basic, nicolae_overflow_hidden_temple, serial_bayou_lagoon_a

Skill      XL: |  1  2  3  4  5  6  7 |
---------------+----------------------+-----
Ranged Weapons | 5 6 7 |  7.4
Fighting       | 3 4 |  4.0
Armour         | 3 |  3.3
Dodging        | |  1.9
Stealth        | |  1.1

Action                     |  1- 3 |  4- 6 |  7- 9 || total
---------------------------+-------+-------+-------++-------
   Fire: Shortbow          |    60 |   167 |    22 ||   249
    Use: Scroll            |     4 |     6 |       ||    10
         Potion            |       |     2 |     2 ||     4
 Armour: Leather armour    |     9 |    16 |       ||    25
         Ring mail         |       |    29 |     7 ||    36
  Dodge: Dodged            |    22 |    47 |     7 ||    76
  Block: Other             |       |     9 |     3 ||    12

Table legend:
 A = Non-vault XP
 B = Vault XP
 C = Vault XP percentage of total XP
 D = Non-vault monster count
 E = Vault monster count
 F = Vault count percentage of total count
                 A         B        C        D         E       F
            +---------+---------+-------+---------+---------+-------
      Total |     783 |      88 |  10.1 |      64 |      15 |  19.0
            +---------+---------+-------+---------+---------+-------
        D:1 |      13 |       0 |   0.0 |       9 |       0 |   0.0
        D:2 |      93 |      16 |  14.7 |      16 |       2 |  11.1
        D:3 |      24 |       6 |  20.0 |      12 |       3 |  20.0
        D:4 |     461 |      66 |  12.5 |      23 |      10 |  30.3
        D:5 |     192 |       0 |   0.0 |       4 |       0 |   0.0
            +---------+---------+-------+---------+---------+-------
